Login

Jets vs Apsos

Created - February 11, 2024 at 12:32

Goals
1 2 3 T
Jets 3 0 0 3
Apsos 1 3 1 5
Shots
1 2 3 T
Jets 23 7 7 37
Apsos 9 9 13 31

GoalsPenalties
1st period
1. Jets , Elias Lindholm 11 (Nikolaj Ehlers 17, Jacob Trouba 13) at 2:50 (PP)
2. Apsos , Phillip Danault 7 (Jamie Oleksiak 14, Kasperi Kapanen 2) at 5:26
3. Jets , Elias Lindholm 12 (Jake Sanderson 13, Nikolaj Ehlers 18) at 8:56
4. Jets , Luke Evangelista 6 (Crabface Tinklenuts 20, Pavel Zacha 6) at 19:35
TJ Brodie (LHA) for Hooking (Minor) at 1:44
Nick Bjugstad (LHA) for Hooking (Minor) at 10:13
Jack Johnson (LHA) for Boarding (Minor) at 16:58
2nd period
5. Apsos , Nick Bjugstad 13 (Joel Eriksson Ek 22, Jakub Vrana 17) at 1:27 (PP)
6. Apsos , Kasperi Kapanen 2 (Phillip Danault 15) at 5:22
7. Apsos , Marcus Pettersson 1 (Joel Eriksson Ek 23, Gustav Forsling 14) at 14:48
Elias Lindholm (INV) for Slashing (Minor) at 0:57
Dmitry Kulikov (LHA) for Slashing (Minor) at 3:18
3rd period
8. Apsos , Nick Bjugstad 14 (Joel Eriksson Ek 24, Jakub Vrana 18) at 3:43
J.T. Miller (INV) for High sticking (Minor) at 0:26
Martin Necas (INV) for Hooking (Minor) at 6:03
Marcus Pettersson (LHA) for Diving (Minor) at 19:34
William Karlsson (INV) for Hooking (Minor) at 19:34
Goalie Stats
Connor Hellebuyck (INV), 7 saves from 7 shots - (1.000), 16:17 minutes
Pavel Francouz (INV), 19 saves from 24 shots - (0.792), L, 2-4-0, 43:43 minutes
Alexandar Georgiev (LHA), 34 saves from 37 shots - (0.919), W, 28-11-8, 60:00 minutes
3 StarsOfficial
1 - Kasperi Kapanen (LHA)
2 - Joel Eriksson Ek (LHA)
3 - Phillip Danault (LHA)
Referees : Unknown
Linesman : Unknown
Game Note
Connor Hellebuyck enters game at 3:43 of 3rd period
Finance
Level 1 -- Attendance: 4680 (78.00%) -- Ticket Income $468,000
Level 2 -- Attendance: 3667 (73.34%) -- Ticket Income $220,020
Level 3 -- Attendance: 1470 (73.50%) -- Ticket Income $51,450
Level 4 -- Attendance: 2848 (71.20%) -- Ticket Income $71,200
Luxury Box -- Attendance: 1000 (100.00%) -- Ticket Income $200,000
Game was played at the Yak Dome.
Total Attendance: 13665 (75.92%)
Total Ticket Income: $1,010,670
Other Income: $404,268
Total Income: $1,414,938



Team Name Goals Shots Shots Attemp Shots Blocked PIM HIT PP PK FO%
Jets 3377828281 / 4 (25%)143%
Apsos 53148910221 / 3 (33%)157%

Jets
Player Name POS G A P +/- PIM HIT SHT SB MP PP MP PP SHT PK MP PK SHT FO% FOT
Aleksander BarkovC0000006020:373:5022:42050% 28
Brandon SaadLW/RW0000013010:040:0000:0000% 0
Crabface TinklenutsD011-2032024:153:2912:0700% 0
Elias LindholmC/RW202-1246015:493:1310:000100% 2
J.T. MillerC/LW0000236018:343:5031:0500% 0
Jacob TroubaD011-2030023:583:1202:0700% 0
Jake SandersonD0111010119:583:2502:2100% 0
Jonas BrodinD0001002019:583:2512:2100% 0
Joshua MorrisseyD000-1020115:380:0000:0000% 0
Luke EvangelistaRW101-1001012:090:2600:0000% 0
Mark ScheifeleC000-1022018:573:1312:42032% 19
Martin NecasC/RW0000201017:443:2400:41050% 2
Morgan RiellyD000-1031016:130:3500:0000% 0
Nikolaj EhlersLW/RW022-1003015:503:1320:0000% 2
Pavel ZachaC/LW011-1000013:120:0001:29067% 3
Sam BennettC/LW/RW000-1033012:000:0000:17021% 14
Teuvo TeravainenLW/RW0000010010:040:0000:000100% 1
William KarlssonC0000221010:030:0000:00053% 17
Apsos
Player Name POS G A P +/- PIM HIT SHT SB MP PP MP PP SHT PK MP PK SHT FO% FOT
Adam LarssonD0000020021:082:2603:2700% 0
Chris KreiderLW/RW0000007019:592:2612:5100% 0
Dmitry KulikovD0001211118:402:0202:3600% 0
Evgeny KuznetsovC000-100005:130:0000:20067% 3
Gustav ForslingD0110011213:220:0001:2300% 0
Jack JohnsonD0001240018:172:0202:1300% 0
Jakub VranaLW0222003016:182:0210:00050% 2
Jamie OleksiakD0110020320:452:2603:0400% 0
Joel Eriksson EkC0332024219:272:0222:51048% 23
Kasperi KapanenLW/RW1122032014:370:0000:0000% 0
Marcus PetterssonD1010211011:580:0000:0000% 0
Matt RoyD000101007:120:0000:0000% 0
Mike HoffmanLW/RW0002001016:370:0002:0000% 0
Moxie ManslammerC/LW000-1030020:452:2603:36057% 37
Nick BjugstadC/RW2020203023:142:0212:2800% 2
Pavel BuchnevichLW/RW000-2006021:442:2600:0000% 2
Phillip DanaultC1122022014:370:0000:00079% 19
TJ BrodieD000120018:340:0001:2300% 0

Jets

5 vs 5 Forward
Line #Left WingCenterRight WingPHYDFOFWanted %Time %Time Play
1J.T. MillerAleksander BarkovMartin Necas1223028%13:40
2Nikolaj EhlersMark ScheifeleElias Lindholm1222826%12:37
3Pavel ZachaSam BennettLuke Evangelista1222624%11:43
4Teuvo TeravainenWilliam KarlssonBrandon Saad1221621%10:04
5 vs 5 Defense
Line #DefenseDefensePHYDFOFWanted %Time %Time Play
1Crabface TinklenutsJacob Trouba1223026%12:39
2Jake SandersonJonas Brodin1222830%14:12
3Morgan RiellyJoshua Morrissey1222633%15:38
4Crabface TinklenutsJacob Trouba1221612%5:35
Power Play Forward
Line #Left WingCenterRight WingPHYDFOFWanted %Time %Time Play
1J.T. MillerAleksander BarkovMartin Necas1225554%3:50
2Nikolaj EhlersMark ScheifeleElias Lindholm1224546%3:13
Power Play Defense
Line #DefenseDefensePHYDFOFWanted %Time %Time Play
1Crabface TinklenutsJacob Trouba1225552%3:38
2Jake SandersonJonas Brodin1224548%3:25
Penalty Kill 4 Players Forward
Line #CenterWingPHYDFOFWanted %Time %Time Play
1Aleksander BarkovMark Scheifele1225560%2:42
2J.T. MillerMartin Necas1224540%1:46
Penalty Kill 4 Players Defense
Line #DefenseDefensePHYDFOFWanted %Time %Time Play
1Crabface TinklenutsJacob Trouba1225547%2:07
2Jake SandersonJonas Brodin1224553%2:21
Penalty Kill 3 Players
Line #WingPHYDFOFWanted %Time %Time PlayDefenseDefensePHYDFOFWanted %Time %Time Play
1Aleksander Barkov122550%0:00 Crabface TinklenutsJacob Trouba122550%0:00
2Mark Scheifele122450%0:00 Jake SandersonJonas Brodin122450%0:00
4 vs 4 Forward
Line #CenterWingPHYDFOFWanted %Time %Time Play
1Aleksander BarkovMark Scheifele12255100%0:25
2J.T. MillerMartin Necas122450%0:00
4 vs 4 Defense
Line #DefensePHYDFOFWanted %Time %Time Play
1Crabface TinklenutsJacob Trouba12255100%55% - 0:25
2Jake SandersonJonas Brodin122450%45% - 0:00
Last Minutes Offensive
Left WingCenterRight WingDefenseDefense
J.T. MillerAleksander BarkovMartin NecasCrabface TinklenutsJacob Trouba
Last Minutes Defensive
Left WingCenterRight WingDefenseDefense
J.T. MillerAleksander BarkovMartin NecasCrabface TinklenutsJacob Trouba
Time
Total ForwardTotal DefenseLast Minutes OffensiveLast Minutes Defensive
60:00 60:00 0:000:00
Extra Forwards
Normal PowerPlayPenalty Kill
Luke Evangelista, Sam Bennett, Pavel ZachaLuke Evangelista, Sam BennettPavel Zacha
Extra Defensemen
Normal PowerPlayPenalty Kill
Morgan Rielly, Joshua Morrissey, Jake SandersonMorgan Rielly, Joshua MorrisseyJake Sanderson
Penalty Shots
Aleksander Barkov, Mark Scheifele, J.T. Miller, Martin Necas, Nikolaj Ehlers
Goalie
Pavel Francouz, Connor Hellebuyck
Custom OT Lines Forwards
Aleksander Barkov, Mark Scheifele, J.T. Miller, Martin Necas, Nikolaj Ehlers, Elias Lindholm, Luke Evangelista, Sam Bennett, Pavel Zacha, William Karlsson
Custom OT Lines Defensemen
Crabface Tinklenuts, Jacob Trouba, Jake Sanderson, Jonas Brodin, Morgan Rielly
Scratches
Roman Josi (Healthy), Erik Haula (Healthy)

Apsos

5 vs 5 Forward
Line #Left WingCenterRight WingPHYDFOFWanted %Time %Time Play
1Pavel BuchnevichMoxie ManslammerChris Kreider1223030%14:18
2Jakub VranaJoel Eriksson EkNick Bjugstad1222830%14:16
3Mike HoffmanPhillip DanaultKasperi Kapanen1222630%14:37
4Pavel BuchnevichEvgeny KuznetsovNick Bjugstad1221610%4:53
5 vs 5 Defense
Line #DefenseDefensePHYDFOFWanted %Time %Time Play
1Jamie OleksiakAdam Larsson1223031%14:50
2Dmitry KulikovJack Johnson1222829%14:03
3Marcus PetterssonGustav Forsling1222625%11:59
4TJ BrodieMatt Roy1221615%7:12
Power Play Forward
Line #Left WingCenterRight WingPHYDFOFWanted %Time %Time Play
1Pavel BuchnevichMoxie ManslammerChris Kreider1225554%2:26
2Jakub VranaJoel Eriksson EkNick Bjugstad1224546%2:02
Power Play Defense
Line #DefenseDefensePHYDFOFWanted %Time %Time Play
1Jamie OleksiakAdam Larsson1225554%2:26
2Dmitry KulikovJack Johnson1224546%2:02
Penalty Kill 4 Players Forward
Line #CenterWingPHYDFOFWanted %Time %Time Play
1Moxie ManslammerNick Bjugstad1225560%4:12
2Joel Eriksson EkChris Kreider1224540%2:51
Penalty Kill 4 Players Defense
Line #DefenseDefensePHYDFOFWanted %Time %Time Play
1Jamie OleksiakAdam Larsson1225543%3:00
2Dmitry KulikovJack Johnson1224557%4:03
Penalty Kill 3 Players
Line #WingPHYDFOFWanted %Time %Time PlayDefenseDefensePHYDFOFWanted %Time %Time Play
1Joel Eriksson Ek122550%0:00 Jamie OleksiakAdam Larsson122550%0:00
2Moxie Manslammer122450%0:00 Dmitry KulikovJack Johnson122450%0:00
4 vs 4 Forward
Line #CenterWingPHYDFOFWanted %Time %Time Play
1Moxie ManslammerPavel Buchnevich12255100%0:25
2Joel Eriksson EkChris Kreider122450%0:00
4 vs 4 Defense
Line #DefensePHYDFOFWanted %Time %Time Play
1Jamie OleksiakAdam Larsson12255100%55% - 0:25
2Dmitry KulikovJack Johnson122450%45% - 0:00
Last Minutes Offensive
Left WingCenterRight WingDefenseDefense
Chris KreiderMoxie ManslammerPavel BuchnevichJamie OleksiakAdam Larsson
Last Minutes Defensive
Left WingCenterRight WingDefenseDefense
Nick BjugstadMoxie ManslammerJoel Eriksson EkJamie OleksiakAdam Larsson
Time
Total ForwardTotal DefenseLast Minutes OffensiveLast Minutes Defensive
60:00 60:00 0:000:00
Extra Forwards
Normal PowerPlayPenalty Kill
Joel Eriksson Ek, Phillip Danault, Mike HoffmanJoel Eriksson Ek, Phillip DanaultMike Hoffman
Extra Defensemen
Normal PowerPlayPenalty Kill
Adam Larsson, Gustav Forsling, Jamie OleksiakTJ Brodie, Gustav ForslingAdam Larsson
Penalty Shots
Pavel Buchnevich, Moxie Manslammer, Evgeny Kuznetsov, Joel Eriksson Ek, Nick Bjugstad
Goalie
Alexandar Georgiev, Connor Ingram
Custom OT Lines Forwards
Moxie Manslammer, Pavel Buchnevich, Joel Eriksson Ek, Chris Kreider, Jakub Vrana, Evgeny Kuznetsov, Nick Bjugstad, Mike Hoffman, Phillip Danault, Kasperi Kapanen
Custom OT Lines Defensemen
Adam Larsson, Jamie Oleksiak, Dmitry Kulikov, Gustav Forsling, Jack Johnson
Scratches
Ryan Donato (Healthy), Brett Howden (Healthy), Kaapo Kahkonen (Healthy)


Play-by-Play

1st period


0:01 of 1st period - Moxie Manslammer wins face-off versus Aleksander Barkov in neutral zone.
0:17 of 1st period - Pavel Buchnevich is hit by Jacob Trouba.
1:21 of 1st period - Shot by Nikolaj Ehlers.
1:21 of 1st period - Shot Hit the Post.
1:23 of 1st period - Shot by Jonas Brodin.
1:23 of 1st period - Stopped by Alexandar Georgiev without a rebound.
1:24 of 1st period - Phillip Danault wins face-off versus Sam Bennett in Apsos zone.
1:36 of 1st period - Shot by Sam Bennett.
1:36 of 1st period - Shot Hit the Post.
1:40 of 1st period - Shot by Sam Bennett.
1:40 of 1st period - Stopped by Alexandar Georgiev without a rebound.
1:41 of 1st period - William Karlsson wins face-off versus Evgeny Kuznetsov in Apsos zone.
1:41 of 1st period - William Karlsson is hit by Matt Roy.
1:44 of 1st period - Minor Penalty to TJ Brodie for Hooking.
1:45 of 1st period - Mark Scheifele wins face-off versus Moxie Manslammer in Apsos zone.
2:04 of 1st period - Shot by Mark Scheifele.
2:04 of 1st period - Shot Misses the Net.
2:06 of 1st period - Shot by Elias Lindholm.
2:06 of 1st period - Shot Misses the Net.
2:08 of 1st period - Shot by Mark Scheifele.
2:08 of 1st period - Shot Misses the Net.
2:10 of 1st period - Shot by Crabface Tinklenuts.
2:10 of 1st period - Deflect By Mark Scheifele.
2:10 of 1st period - Stopped by Alexandar Georgiev without a rebound.
2:11 of 1st period - Moxie Manslammer wins face-off versus Aleksander Barkov in Apsos zone.
2:19 of 1st period - Icing by J.T. Miller.
2:20 of 1st period - Moxie Manslammer wins face-off versus Aleksander Barkov in Jets zone.
2:23 of 1st period - Shot by Moxie Manslammer.
2:23 of 1st period - Shot Misses the Net.
2:32 of 1st period - Off-side.
2:33 of 1st period - Joel Eriksson Ek wins face-off versus Mark Scheifele in neutral zone.
2:48 of 1st period - Shot by Nikolaj Ehlers.
2:48 of 1st period - Stopped by Alexandar Georgiev with a rebound.
2:50 of 1st period - Shot by Elias Lindholm.
2:50 of 1st period - Goal by Elias Lindholm - Jets : 1 - Apsos : 0.
2:51 of 1st period - Phillip Danault wins face-off versus Sam Bennett in neutral zone.
2:51 of 1st period - Gustav Forsling is hit by Sam Bennett and loses puck.
3:54 of 1st period - Shot by Pavel Buchnevich.
3:54 of 1st period - Shot Misses the Net.
3:56 of 1st period - Shot by Pavel Buchnevich.
3:56 of 1st period - Shot Misses the Net.
4:31 of 1st period - Icing by Morgan Rielly.
4:32 of 1st period - Moxie Manslammer wins face-off versus Sam Bennett in Jets zone.
4:35 of 1st period - Shot by Chris Kreider.
4:35 of 1st period - Stopped by Pavel Francouz without a rebound.
4:36 of 1st period - Joel Eriksson Ek wins face-off versus Mark Scheifele in Jets zone.
4:45 of 1st period - Shot by Joel Eriksson Ek.
4:45 of 1st period - Stopped by Pavel Francouz with a rebound.
4:49 of 1st period - Shot by Jakub Vrana.
4:49 of 1st period - Shot Misses the Net.
4:54 of 1st period - Joel Eriksson Ek is hit by Jacob Trouba and loses puck.
5:24 of 1st period - Shot by Phillip Danault.
5:24 of 1st period - Shot Misses the Net.
5:26 of 1st period - Shot by Phillip Danault.
5:26 of 1st period - Goal by Phillip Danault - Jets : 1 - Apsos : 1.
5:27 of 1st period - Moxie Manslammer wins face-off versus William Karlsson in neutral zone.
5:30 of 1st period - Shot by Chris Kreider.
5:30 of 1st period - Deflect By Pavel Buchnevich.
5:30 of 1st period - Stopped by Pavel Francouz without a rebound.
5:31 of 1st period - Aleksander Barkov wins face-off versus Moxie Manslammer in Jets zone.
6:04 of 1st period - Shot by Pavel Buchnevich.
6:04 of 1st period - Shot Misses the Net.
6:12 of 1st period - Shot by Chris Kreider.
6:12 of 1st period - Stopped by Pavel Francouz without a rebound.
6:13 of 1st period - William Karlsson wins face-off versus Phillip Danault in Jets zone.
6:13 of 1st period - Teuvo Teravainen is hit by Kasperi Kapanen.
6:20 of 1st period - Off-side.
6:21 of 1st period - Phillip Danault wins face-off versus William Karlsson in neutral zone.
6:21 of 1st period - Dmitry Kulikov is hit by Jacob Trouba.
6:51 of 1st period - Shot by Brandon Saad.
6:51 of 1st period - Stopped by Alexandar Georgiev with a rebound.
7:25 of 1st period - Shot by Nikolaj Ehlers.
7:25 of 1st period - Stopped by Alexandar Georgiev without a rebound.
7:26 of 1st period - Aleksander Barkov wins face-off versus Joel Eriksson Ek in Apsos zone.
7:33 of 1st period - Shot by J.T. Miller.
7:33 of 1st period - Shot Misses the Net.
7:37 of 1st period - Shot by Morgan Rielly.
7:37 of 1st period - Stopped by Alexandar Georgiev without a rebound.
7:38 of 1st period - Moxie Manslammer wins face-off versus Mark Scheifele in Apsos zone.
7:49 of 1st period - Shot by Chris Kreider.
7:49 of 1st period - Shot Misses the Net.
7:59 of 1st period - Shot by Mark Scheifele.
7:59 of 1st period - Stopped by Alexandar Georgiev without a rebound.
8:00 of 1st period - Joel Eriksson Ek wins face-off versus Aleksander Barkov in Apsos zone.
8:00 of 1st period - Joel Eriksson Ek is hit by J.T. Miller.
8:05 of 1st period - Off-side.
8:06 of 1st period - Aleksander Barkov wins face-off versus Joel Eriksson Ek in neutral zone.
8:21 of 1st period - Shot by Martin Necas.
8:21 of 1st period - Shot Misses the Net.
8:23 of 1st period - Shot by J.T. Miller.
8:23 of 1st period - Shot Blocked by TJ Brodie.
8:25 of 1st period - Shot by Aleksander Barkov.
8:25 of 1st period - Stopped by Alexandar Georgiev with a rebound.
8:27 of 1st period - Shot by J.T. Miller.
8:27 of 1st period - Stopped by Alexandar Georgiev without a rebound.
8:28 of 1st period - Moxie Manslammer wins face-off versus Mark Scheifele in Apsos zone.
8:42 of 1st period - Shot by Mark Scheifele.
8:42 of 1st period - Deflect By Nikolaj Ehlers.
8:42 of 1st period - Shot Misses the Net.
8:52 of 1st period - Shot by Elias Lindholm.
8:52 of 1st period - Shot Blocked by Gustav Forsling.
8:54 of 1st period - Shot by Jake Sanderson.
8:54 of 1st period - Shot Misses the Net.
8:56 of 1st period - Shot by Elias Lindholm.
8:56 of 1st period - Goal by Elias Lindholm - Jets : 2 - Apsos : 1.
8:57 of 1st period - Aleksander Barkov wins face-off versus Joel Eriksson Ek in neutral zone.
9:10 of 1st period - Shot by Martin Necas.
9:10 of 1st period - Stopped by Alexandar Georgiev without a rebound.
9:11 of 1st period - Phillip Danault wins face-off versus Sam Bennett in Apsos zone.
9:11 of 1st period - Phillip Danault is hit by Sam Bennett.
9:26 of 1st period - Kasperi Kapanen is hit by Morgan Rielly.
9:43 of 1st period - Phillip Danault is hit by Joshua Morrissey and loses puck.
10:13 of 1st period - Minor Penalty to Nick Bjugstad for Hooking.
10:14 of 1st period - Mark Scheifele wins face-off versus Moxie Manslammer in Apsos zone.
10:33 of 1st period - Shot by Nikolaj Ehlers.
10:33 of 1st period - Stopped by Alexandar Georgiev without a rebound.
10:34 of 1st period - Aleksander Barkov wins face-off versus Moxie Manslammer in Apsos zone.
10:37 of 1st period - Shot by Aleksander Barkov.
10:37 of 1st period - Stopped by Alexandar Georgiev without a rebound.
10:38 of 1st period - Aleksander Barkov wins face-off versus Moxie Manslammer in Apsos zone.
10:38 of 1st period - Aleksander Barkov is hit by Jamie Oleksiak.
11:13 of 1st period - Shot by J.T. Miller.
11:13 of 1st period - Stopped by Alexandar Georgiev without a rebound.
11:14 of 1st period - Moxie Manslammer wins face-off versus Mark Scheifele in Apsos zone.
11:26 of 1st period - Icing by Mark Scheifele.
11:27 of 1st period - Moxie Manslammer wins face-off versus Mark Scheifele in Jets zone.
11:34 of 1st period - Shot by Jonas Brodin.
11:34 of 1st period - Stopped by Alexandar Georgiev without a rebound.
11:35 of 1st period - Moxie Manslammer wins face-off versus Aleksander Barkov in Apsos zone.
12:21 of 1st period - Shot by Pavel Buchnevich.
12:21 of 1st period - Shot Blocked by Jake Sanderson.
12:56 of 1st period - Elias Lindholm is hit by Marcus Pettersson and loses puck.
13:14 of 1st period - Icing by Morgan Rielly.
13:15 of 1st period - Phillip Danault wins face-off versus William Karlsson in Jets zone.
13:23 of 1st period - Icing by Teuvo Teravainen.
13:24 of 1st period - Phillip Danault wins face-off versus William Karlsson in Jets zone.
13:25 of 1st period - Shot by Kasperi Kapanen.
13:25 of 1st period - Stopped by Pavel Francouz without a rebound.
13:26 of 1st period - Phillip Danault wins face-off versus Aleksander Barkov in Jets zone.
13:46 of 1st period - Kasperi Kapanen is hit by Crabface Tinklenuts.
13:48 of 1st period - Shot by Mike Hoffman.
13:48 of 1st period - Stopped by Pavel Francouz without a rebound.
13:49 of 1st period - William Karlsson wins face-off versus Moxie Manslammer in Jets zone.
13:49 of 1st period - William Karlsson is hit by Moxie Manslammer.
14:00 of 1st period - Jake Sanderson is hit by Jack Johnson and loses puck.
14:13 of 1st period - Shot by Chris Kreider.
14:13 of 1st period - Stopped by Pavel Francouz with a rebound.
14:23 of 1st period - Shot by Pavel Buchnevich.
14:23 of 1st period - Stopped by Pavel Francouz without a rebound.
14:24 of 1st period - Aleksander Barkov wins face-off versus Jakub Vrana in Jets zone.
14:39 of 1st period - Martin Necas is hit by Joel Eriksson Ek and loses puck.
14:53 of 1st period - Shot by Aleksander Barkov.
14:53 of 1st period - Shot Misses the Net.
16:07 of 1st period - Shot by Luke Evangelista.
16:07 of 1st period - Shot Misses the Net.
16:09 of 1st period - Shot by Jonas Brodin.
16:09 of 1st period - Shot Misses the Net.
16:58 of 1st period - Minor Penalty to Jack Johnson for Boarding.
16:59 of 1st period - Mark Scheifele wins face-off versus Nick Bjugstad in Apsos zone.
17:16 of 1st period - Nick Bjugstad is hit by Elias Lindholm and loses puck.
18:20 of 1st period - Shot by Jacob Trouba.
18:20 of 1st period - Shot Blocked by Joel Eriksson Ek.
18:22 of 1st period - Shot by Crabface Tinklenuts.
18:22 of 1st period - Stopped by Alexandar Georgiev without a rebound.
18:23 of 1st period - Joel Eriksson Ek wins face-off versus Aleksander Barkov in Apsos zone.
18:35 of 1st period - Morgan Rielly is hit by Gustav Forsling and loses puck.
18:38 of 1st period - Shot by J.T. Miller.
18:38 of 1st period - Stopped by Alexandar Georgiev with a rebound.
18:40 of 1st period - Shot by J.T. Miller.
18:40 of 1st period - Shot Misses the Net.
18:42 of 1st period - Shot by Aleksander Barkov.
18:42 of 1st period - Stopped by Alexandar Georgiev with a rebound.
18:44 of 1st period - Shot by Crabface Tinklenuts.
18:44 of 1st period - Shot Misses the Net.
18:46 of 1st period - Shot by Aleksander Barkov.
18:46 of 1st period - Shot Blocked by Gustav Forsling.
18:48 of 1st period - Shot by J.T. Miller.
18:48 of 1st period - Stopped by Alexandar Georgiev without a rebound.
18:49 of 1st period - Moxie Manslammer wins face-off versus Nikolaj Ehlers in Apsos zone.
19:11 of 1st period - Shot by William Karlsson.
19:11 of 1st period - Shot Misses the Net.
19:13 of 1st period - Shot by Brandon Saad.
19:13 of 1st period - Shot Misses the Net.
19:19 of 1st period - Shot by William Karlsson.
19:19 of 1st period - Stopped by Alexandar Georgiev without a rebound.
19:20 of 1st period - Evgeny Kuznetsov wins face-off versus Sam Bennett in Apsos zone.
19:35 of 1st period - Shot by Luke Evangelista.
19:35 of 1st period - Goal by Luke Evangelista - Jets : 3 - Apsos : 1.
19:36 of 1st period - William Karlsson wins face-off versus Pavel Buchnevich in neutral zone.
Goals for this period are 3 for Jets vs 1 for Apsos.
Shots for this period are 23 for Jets vs 9 for Apsos.

2nd period


0:01 of 2nd period - Mark Scheifele wins face-off versus Joel Eriksson Ek in neutral zone.
0:08 of 2nd period - Shot by Elias Lindholm.
0:08 of 2nd period - Stopped by Alexandar Georgiev without a rebound.
0:09 of 2nd period - Moxie Manslammer wins face-off versus Aleksander Barkov in Apsos zone.
0:09 of 2nd period - Chris Kreider is hit by J.T. Miller and loses puck.
0:48 of 2nd period - Shot by Martin Necas.
0:48 of 2nd period - Shot Blocked by Jamie Oleksiak.
0:50 of 2nd period - Shot by Crabface Tinklenuts.
0:50 of 2nd period - Stopped by Alexandar Georgiev without a rebound.
0:51 of 2nd period - Joel Eriksson Ek wins face-off versus Mark Scheifele in Apsos zone.
0:51 of 2nd period - Nick Bjugstad is hit by Elias Lindholm and loses puck.
0:57 of 2nd period - Minor Penalty to Elias Lindholm for Slashing.
0:58 of 2nd period - Aleksander Barkov wins face-off versus Joel Eriksson Ek in Jets zone.
1:11 of 2nd period - Shot by Joel Eriksson Ek.
1:11 of 2nd period - Shot Misses the Net.
1:25 of 2nd period - Shot by Jakub Vrana.
1:25 of 2nd period - Deflect By Joel Eriksson Ek.
1:25 of 2nd period - Stopped by Pavel Francouz with a rebound.
1:27 of 2nd period - Shot by Nick Bjugstad.
1:27 of 2nd period - Goal by Nick Bjugstad - Jets : 3 - Apsos : 2.
1:28 of 2nd period - Sam Bennett wins face-off versus Moxie Manslammer in neutral zone.
1:48 of 2nd period - Moxie Manslammer is hit by Crabface Tinklenuts and loses puck.
2:08 of 2nd period - Crabface Tinklenuts is hit by Moxie Manslammer and loses puck.
2:49 of 2nd period - Elias Lindholm is hit by Jack Johnson and loses puck.
2:53 of 2nd period - Mark Scheifele is hit by Jack Johnson and loses puck.
3:00 of 2nd period - Shot by Elias Lindholm.
3:00 of 2nd period - Shot Misses the Net.
3:02 of 2nd period - Shot by Mark Scheifele.
3:02 of 2nd period - Shot Misses the Net.
3:04 of 2nd period - Shot by Mark Scheifele.
3:04 of 2nd period - Shot Misses the Net.
3:18 of 2nd period - Minor Penalty to Dmitry Kulikov for Slashing.
3:19 of 2nd period - Moxie Manslammer wins face-off versus Aleksander Barkov in Apsos zone.
3:32 of 2nd period - Shot by Jake Sanderson.
3:32 of 2nd period - Shot Misses the Net.
5:18 of 2nd period - Icing by Aleksander Barkov.
5:19 of 2nd period - Phillip Danault wins face-off versus Sam Bennett in Jets zone.
5:22 of 2nd period - Shot by Kasperi Kapanen.
5:22 of 2nd period - Goal by Kasperi Kapanen - Jets : 3 - Apsos : 3.
5:23 of 2nd period - Phillip Danault wins face-off versus Sam Bennett in neutral zone.
5:40 of 2nd period - Shot by Mike Hoffman.
5:40 of 2nd period - Deflect By Phillip Danault.
5:40 of 2nd period - Stopped by Pavel Francouz with a rebound.
5:45 of 2nd period - Off-side.
5:46 of 2nd period - William Karlsson wins face-off versus Moxie Manslammer in neutral zone.
5:57 of 2nd period - Shot by Brandon Saad.
5:57 of 2nd period - Stopped by Alexandar Georgiev without a rebound.
5:58 of 2nd period - Joel Eriksson Ek wins face-off versus Nikolaj Ehlers in Apsos zone.
6:19 of 2nd period - Shot by Nick Bjugstad.
6:19 of 2nd period - Shot Misses the Net.
6:22 of 2nd period - Icing by Joshua Morrissey.
6:23 of 2nd period - Moxie Manslammer wins face-off versus Mark Scheifele in Jets zone.
6:34 of 2nd period - Shot by Chris Kreider.
6:34 of 2nd period - Stopped by Pavel Francouz with a rebound.
6:36 of 2nd period - Shot by Pavel Buchnevich.
6:36 of 2nd period - Shot Misses the Net.
6:51 of 2nd period - Shot by Chris Kreider.
6:51 of 2nd period - Stopped by Pavel Francouz without a rebound.
6:52 of 2nd period - Joel Eriksson Ek wins face-off versus Aleksander Barkov in Jets zone.
7:09 of 2nd period - Icing by Nick Bjugstad.
7:10 of 2nd period - Sam Bennett wins face-off versus Joel Eriksson Ek in Apsos zone.
8:18 of 2nd period - Shot by Martin Necas.
8:18 of 2nd period - Shot Hit the Post.
8:20 of 2nd period - Shot by Crabface Tinklenuts.
8:20 of 2nd period - Shot Misses the Net.
8:22 of 2nd period - Shot by J.T. Miller.
8:22 of 2nd period - Shot Misses the Net.
8:38 of 2nd period - Shot by Aleksander Barkov.
8:38 of 2nd period - Stopped by Alexandar Georgiev without a rebound.
8:39 of 2nd period - Phillip Danault wins face-off versus Mark Scheifele in Apsos zone.
8:39 of 2nd period - Phillip Danault is hit by Elias Lindholm.
8:44 of 2nd period - Mike Hoffman is hit by Morgan Rielly and loses puck.
8:53 of 2nd period - Adam Larsson is hit by Elias Lindholm.
9:12 of 2nd period - Adam Larsson is hit by Mark Scheifele and loses puck.
9:28 of 2nd period - Icing by Jamie Oleksiak.
9:29 of 2nd period - William Karlsson wins face-off versus Phillip Danault in Apsos zone.
9:30 of 2nd period - Shot by Brandon Saad.
9:30 of 2nd period - Stopped by Alexandar Georgiev without a rebound.
9:31 of 2nd period - Moxie Manslammer wins face-off versus Aleksander Barkov in Apsos zone.
9:31 of 2nd period - Moxie Manslammer is hit by J.T. Miller.
11:39 of 2nd period - Phillip Danault is hit by Morgan Rielly and loses puck.
11:52 of 2nd period - Kasperi Kapanen is hit by Mark Scheifele and loses puck.
12:23 of 2nd period - Morgan Rielly is hit by Adam Larsson and loses puck.
12:43 of 2nd period - Pavel Buchnevich is hit by Crabface Tinklenuts and loses puck.
13:13 of 2nd period - Shot by J.T. Miller.
13:13 of 2nd period - Deflect By Aleksander Barkov.
13:13 of 2nd period - Stopped by Alexandar Georgiev with a rebound.
13:30 of 2nd period - Off-side.
13:31 of 2nd period - Phillip Danault wins face-off versus William Karlsson in neutral zone.
14:03 of 2nd period - Dmitry Kulikov is hit by Brandon Saad and loses puck.
14:40 of 2nd period - Shot by Chris Kreider.
14:40 of 2nd period - Deflect By Joel Eriksson Ek.
14:40 of 2nd period - Stopped by Pavel Francouz with a rebound.
14:46 of 2nd period - Shot by Joel Eriksson Ek.
14:46 of 2nd period - Shot Misses the Net.
14:48 of 2nd period - Shot by Marcus Pettersson.
14:48 of 2nd period - Goal by Marcus Pettersson - Jets : 3 - Apsos : 4.
14:49 of 2nd period - Aleksander Barkov wins face-off versus Moxie Manslammer in neutral zone.
15:01 of 2nd period - Shot by J.T. Miller.
15:01 of 2nd period - Stopped by Alexandar Georgiev without a rebound.
15:02 of 2nd period - Mark Scheifele wins face-off versus Nick Bjugstad in Apsos zone.
15:07 of 2nd period - Shot by Elias Lindholm.
15:07 of 2nd period - Shot Misses the Net.
15:43 of 2nd period - Icing by Gustav Forsling.
15:44 of 2nd period - Joel Eriksson Ek wins face-off versus Martin Necas in Apsos zone.
15:59 of 2nd period - Shot by Pavel Buchnevich.
15:59 of 2nd period - Stopped by Pavel Francouz without a rebound.
16:00 of 2nd period - Phillip Danault wins face-off versus Sam Bennett in Jets zone.
17:06 of 2nd period - Jonas Brodin is hit by Jack Johnson and loses puck.
17:39 of 2nd period - Shot by Aleksander Barkov.
17:39 of 2nd period - Shot Misses the Net.
19:07 of 2nd period - Jamie Oleksiak is hit by Teuvo Teravainen.
19:58 of 2nd period - Moxie Manslammer is hit by Jake Sanderson and loses puck.
Goals for this period are 0 for Jets vs 3 for Apsos.
Shots for this period are 7 for Jets vs 9 for Apsos.

3rd period


0:01 of 3rd period - Evgeny Kuznetsov wins face-off versus Aleksander Barkov in neutral zone.
0:26 of 3rd period - Minor Penalty to J.T. Miller for High sticking.
0:27 of 3rd period - Aleksander Barkov wins face-off versus Moxie Manslammer in Jets zone.
1:16 of 3rd period - Shot by Jakub Vrana.
1:16 of 3rd period - Stopped by Pavel Francouz with a rebound.
1:44 of 3rd period - Shot by Joel Eriksson Ek.
1:44 of 3rd period - Stopped by Pavel Francouz without a rebound.
1:45 of 3rd period - Pavel Zacha wins face-off versus Pavel Buchnevich in Jets zone.
2:19 of 3rd period - Icing by Adam Larsson.
2:20 of 3rd period - Moxie Manslammer wins face-off versus Pavel Zacha in Apsos zone.
2:31 of 3rd period - Off-side.
2:32 of 3rd period - Joel Eriksson Ek wins face-off versus William Karlsson in neutral zone.
2:51 of 3rd period - Shot by Jakub Vrana.
2:51 of 3rd period - Stopped by Pavel Francouz without a rebound.
2:52 of 3rd period - Phillip Danault wins face-off versus Sam Bennett in Jets zone.
2:59 of 3rd period - Jonas Brodin is hit by Kasperi Kapanen and loses puck.
3:19 of 3rd period - Shot by Kasperi Kapanen.
3:19 of 3rd period - Shot Misses the Net.
3:21 of 3rd period - Shot by Gustav Forsling.
3:21 of 3rd period - Stopped by Pavel Francouz without a rebound.
3:22 of 3rd period - Jakub Vrana wins face-off versus Mark Scheifele in Jets zone.
3:41 of 3rd period - Shot by Nick Bjugstad.
3:41 of 3rd period - Stopped by Pavel Francouz with a rebound.
3:43 of 3rd period - Shot by Nick Bjugstad.
3:43 of 3rd period - Goal by Nick Bjugstad - Jets : 3 - Apsos : 5.
3:43 of 3rd period - Connor Hellebuyck enters game.
3:44 of 3rd period - Moxie Manslammer wins face-off versus Aleksander Barkov in neutral zone.
3:54 of 3rd period - Moxie Manslammer is hit by Joshua Morrissey and loses puck.
4:07 of 3rd period - Shot by Pavel Buchnevich.
4:07 of 3rd period - Stopped by Connor Hellebuyck without a rebound.
4:08 of 3rd period - Elias Lindholm wins face-off versus Joel Eriksson Ek in Jets zone.
4:23 of 3rd period - Shot by Jakub Vrana.
4:23 of 3rd period - Shot Misses the Net.
4:25 of 3rd period - Shot by Dmitry Kulikov.
4:25 of 3rd period - Stopped by Connor Hellebuyck without a rebound.
4:26 of 3rd period - Moxie Manslammer wins face-off versus Aleksander Barkov in Jets zone.
4:27 of 3rd period - Shot by Pavel Buchnevich.
4:27 of 3rd period - Stopped by Connor Hellebuyck without a rebound.
4:28 of 3rd period - Aleksander Barkov wins face-off versus Moxie Manslammer in Jets zone.
4:43 of 3rd period - Shot by Chris Kreider.
4:43 of 3rd period - Stopped by Connor Hellebuyck without a rebound.
4:44 of 3rd period - Joel Eriksson Ek wins face-off versus Mark Scheifele in Jets zone.
5:01 of 3rd period - Jake Sanderson is hit by Joel Eriksson Ek and loses puck.
5:06 of 3rd period - Shot by Jakub Vrana.
5:06 of 3rd period - Shot Misses the Net.
5:32 of 3rd period - Icing by Elias Lindholm.
5:33 of 3rd period - Elias Lindholm wins face-off versus Moxie Manslammer in Jets zone.
6:00 of 3rd period - Shot by J.T. Miller.
6:00 of 3rd period - Stopped by Alexandar Georgiev with a rebound.
6:03 of 3rd period - Minor Penalty to Martin Necas for Hooking.
6:04 of 3rd period - Aleksander Barkov wins face-off versus Joel Eriksson Ek in Jets zone.
7:37 of 3rd period - Shot by Chris Kreider.
7:37 of 3rd period - Stopped by Connor Hellebuyck without a rebound.
7:38 of 3rd period - Moxie Manslammer wins face-off versus Mark Scheifele in Jets zone.
8:14 of 3rd period - Off-side.
8:15 of 3rd period - William Karlsson wins face-off versus Phillip Danault in neutral zone.
8:18 of 3rd period - Marcus Pettersson is hit by William Karlsson and loses puck.
8:44 of 3rd period - Icing by Joshua Morrissey.
8:45 of 3rd period - William Karlsson wins face-off versus Joel Eriksson Ek in Jets zone.
9:25 of 3rd period - Icing by William Karlsson.
9:26 of 3rd period - Teuvo Teravainen wins face-off versus Moxie Manslammer in Jets zone.
9:36 of 3rd period - Icing by Moxie Manslammer.
9:37 of 3rd period - Aleksander Barkov wins face-off versus Moxie Manslammer in Apsos zone.
9:37 of 3rd period - Aleksander Barkov is hit by Jamie Oleksiak.
9:52 of 3rd period - Shot by Pavel Buchnevich.
9:52 of 3rd period - Stopped by Connor Hellebuyck without a rebound.
9:53 of 3rd period - Phillip Danault wins face-off versus Sam Bennett in Jets zone.
10:07 of 3rd period - TJ Brodie is hit by Sam Bennett and loses puck.
10:16 of 3rd period - Shot by Sam Bennett.
10:16 of 3rd period - Stopped by Alexandar Georgiev with a rebound.
10:28 of 3rd period - Shot by Luke Evangelista.
10:28 of 3rd period - Shot Misses the Net.
11:14 of 3rd period - Crabface Tinklenuts is hit by Dmitry Kulikov and loses puck.
11:31 of 3rd period - Shot by Joshua Morrissey.
11:31 of 3rd period - Shot Blocked by Dmitry Kulikov.
11:33 of 3rd period - Shot by Elias Lindholm.
11:33 of 3rd period - Shot Misses the Net.
11:35 of 3rd period - Shot by Elias Lindholm.
11:35 of 3rd period - Stopped by Alexandar Georgiev without a rebound.
11:36 of 3rd period - William Karlsson wins face-off versus Moxie Manslammer in Apsos zone.
11:42 of 3rd period - Moxie Manslammer is hit by William Karlsson and loses puck.
11:47 of 3rd period - William Karlsson is hit by Moxie Manslammer and loses puck.
12:06 of 3rd period - Shot by Jamie Oleksiak.
12:06 of 3rd period - Shot Blocked by Joshua Morrissey.
12:35 of 3rd period - Icing by Jake Sanderson.
12:36 of 3rd period - Mark Scheifele wins face-off versus Phillip Danault in Jets zone.
13:11 of 3rd period - Nikolaj Ehlers is hit by Phillip Danault.
13:27 of 3rd period - Shot by Aleksander Barkov.
13:27 of 3rd period - Stopped by Alexandar Georgiev with a rebound.
13:52 of 3rd period - Shot by Jakub Vrana.
13:52 of 3rd period - Stopped by Connor Hellebuyck without a rebound.
13:53 of 3rd period - Sam Bennett wins face-off versus Joel Eriksson Ek in Jets zone.
14:18 of 3rd period - Shot by Sam Bennett.
14:18 of 3rd period - Stopped by Alexandar Georgiev without a rebound.
14:19 of 3rd period - Moxie Manslammer wins face-off versus William Karlsson in Apsos zone.
14:54 of 3rd period - Shot by Brandon Saad.
14:54 of 3rd period - Shot Misses the Net.
15:34 of 3rd period - Shot by Crabface Tinklenuts.
15:34 of 3rd period - Shot Blocked by Jamie Oleksiak.
15:36 of 3rd period - Shot by Elias Lindholm.
15:36 of 3rd period - Shot Misses the Net.
15:38 of 3rd period - Shot by Elias Lindholm.
15:38 of 3rd period - Stopped by Alexandar Georgiev without a rebound.
15:39 of 3rd period - Pavel Zacha wins face-off versus Joel Eriksson Ek in Apsos zone.
15:55 of 3rd period - Icing by Jack Johnson.
15:56 of 3rd period - Martin Necas wins face-off versus Joel Eriksson Ek in Apsos zone.
15:59 of 3rd period - Shot by Aleksander Barkov.
15:59 of 3rd period - Shot Misses the Net.
16:02 of 3rd period - Icing by Jack Johnson.
16:03 of 3rd period - Joel Eriksson Ek wins face-off versus Mark Scheifele in Apsos zone.
16:21 of 3rd period - Off-side.
16:22 of 3rd period - Phillip Danault wins face-off versus Sam Bennett in neutral zone.
17:29 of 3rd period - Shot by J.T. Miller.
17:29 of 3rd period - Shot Blocked by Joel Eriksson Ek.
17:31 of 3rd period - Shot by Aleksander Barkov.
17:31 of 3rd period - Deflect By Martin Necas.
17:31 of 3rd period - Shot Misses the Net.
17:33 of 3rd period - Shot by J.T. Miller.
17:33 of 3rd period - Shot Misses the Net.
18:20 of 3rd period - Shot by Elias Lindholm.
18:20 of 3rd period - Stopped by Alexandar Georgiev without a rebound.
18:21 of 3rd period - Moxie Manslammer wins face-off versus William Karlsson in Apsos zone.
18:57 of 3rd period - Shot by William Karlsson.
18:57 of 3rd period - Shot Blocked by Jamie Oleksiak.
19:12 of 3rd period - William Karlsson is hit by Phillip Danault and loses puck.
19:28 of 3rd period - Morgan Rielly is hit by Kasperi Kapanen and loses puck.
19:34 of 3rd period - Minor Penalty to Marcus Pettersson for Diving.
19:34 of 3rd period - Minor Penalty to William Karlsson for Hooking.
19:35 of 3rd period - Aleksander Barkov wins face-off versus Moxie Manslammer in Apsos zone.
19:35 of 3rd period - Aleksander Barkov is hit by Adam Larsson.
19:57 of 3rd period - Shot by Pavel Buchnevich.
19:57 of 3rd period - Shot Misses the Net.
Goals for this period are 0 for Jets vs 1 for Apsos.
Shots for this period are 7 for Jets vs 13 for Apsos.